Map: Temple gelé

Players

zidar

  • Race: Zerg Zerg
  • League: Platinum
  • Spawn Location: 5:00

Tassaddar - Winner!

  • Race: Terran Terran
  • League: Gold
  • Spawn Location: 11:00

VOD

Have the link to the VOD?

Description

Time

  • Played on: Oct. 7, 2016, 2:33 p.m.
  • Length: 13:34
Show
View Real Time Build Order
Export as new Build Order

zidar Zerg 

Build Orders: Hatch First 

Get SALT Encoding   

  12  0:01  Drone  
  13  0:12  Overlord  
  13  0:18  Drone  
  14  0:31  Drone x2  
  16  0:51  Hatchery  
  16  0:54  Drone  
  16  0:58  Extractor  
  16  1:00  Drone  
  16  1:08  Drone  
  16  1:10  Drone  
  18  1:26  Spawning Pool  
  18  1:29  Drone  
  18  1:40  Drone  
  18  1:42  Overlord  
  19  2:13  Queen  
  19  2:14  Queen  
  22  2:23  Metabolic Boost  
  22  2:29  Zergling x2  
  24  2:30  Zergling x8  
  27  2:43  Baneling Nest  
  26  2:46  Zergling x4  
  28  2:55  Lair  
  28  3:02  Drone  
  28  3:05  Overlord  
  29  3:20  Drone x3  
  29  3:21  Drone  
  33  4:07  Drone x11  
  44  4:10  Overlord x2  
  43  4:36  Extractor  
  42  4:38  Extractor  
  42  4:40  Centrifical Hooks  
  42  4:41  Extractor  
  40  4:57  Drone  
  41  5:19  Spire  
  34  5:26  Zergling x16  
  34  5:27  Zergling x16  
  50  5:31  Queen  
  50  5:33  Queen  
  54  5:39  Roach Warren  
  46  5:51  Spine Crawler  
  36  6:05  Zergling x2, Drone  
  36  6:06  Zergling x16  
  36  6:36  Roach  
  36  6:37  Roach x4  
  46  6:41  Drone  
  38  7:32  Zergling x2  
  38  7:33  Zergling x20  
  49  7:40  Ravager x3  
  49  7:43  Overlord  
  33  8:40  Roach x9  
  46  9:05  Drone x4  
  46  9:09  Ravager x6  
  59  9:10  Ravager x3  
  59  9:11  Hatchery  
  59  9:13  Roach  
  60  9:20  Hatchery  
  59  9:24  Overlord x3  
  59  9:48  Glial Reconstitution  
  59  9:53  Roach x7  
  73  10:05  Roach x3  
  79  10:20  Roach x2  
  83  10:28  Spore Crawler  
  83  10:30  Spore Crawler  
  69  10:36  Spore Crawler x2  
  47  11:16  Roach x9  
  57  11:41  Roach x4  
  65  11:48  Drone x2  
  65  11:49  Drone  
  68  11:59  Ravager  
  68  12:00  Ravager x2  
  71  12:13  Roach x3  
  77  12:36  Roach x4  
  85  12:48  Roach  
  87  12:52  Overlord x2  
Show
View Real Time Build Order
Export as new Build Order

Tassaddar Terran - Winner!

Build Orders: Mech 

Get SALT Encoding   

  12  0:01  SCV  
  13  0:13  SCV  
  14  0:19  Supply Depot  
  14  0:28  SCV  
  15  0:40  SCV  
  16  0:51  Barracks  
  16  0:52  SCV  
  17  1:05  SCV  
  17  1:06  Refinery  
  18  1:15  Supply Depot  
  18  1:17  SCV  
  19  1:29  Barracks, SCV  
  20  1:41  SCV  
  20  1:46  Refinery  
  21  1:53  Marine, SCV  
  23  2:11  SCV  
  24  2:21  Factory  
  24  2:27  Command Center  
  24  2:35  Orbital Command  
  24  2:47  Factory  
  24  2:50  Marine  
  25  3:04  Factory  
  25  3:08  Factory Tech Lab  
  25  3:11  SCV  
  25  3:12  Marine  
  27  3:23  SCV  
  28  3:35  SCV  
  28  3:36  Hellion  
  28  3:38  Mag-Field Accelerator  
  31  3:44  Cyclone  
  31  3:47  Factory Reactor  
  35  3:49  SCV  
  36  4:00  Hellion  
  36  4:01  SCV  
  40  4:18  Hellion  
  38  4:25  Hellion x3  
  38  4:30  SCV  
  45  4:36  SCV  
  46  4:47  Supply Depot  
  46  4:52  Hellion x2  
  50  4:57  Hellion  
  52  5:04  Marine  
  53  5:09  Hellion  
  53  5:14  Hellion  
  57  5:29  SCV  
  57  5:35  Factory Tech Lab  
  58  5:41  SCV  
  57  5:53  SCV  
  44  6:05  SCV  
  45  6:23  Cyclone x2  
  42  6:33  SCV  
  42  6:36  Refinery  
  42  6:38  Refinery  
  47  6:44  Widow Mine  
  47  6:45  Widow Mine, SCV, Starport  
  48  6:49  SCV  
  48  6:51  Engineering Bay  
  49  6:54  Supply Depot  
  49  6:55  Cyclone  
  49  6:56  Supply Depot, Cyclone  
  57  7:05  Marine x2  
  63  7:13  Widow Mine x2  
  53  7:22  Marine  
  53  7:23  Marine  
  53  7:27  Cyclone  
  53  7:28  Starport Reactor, Siege Tank  
  56  7:34  Hellion  
  56  7:35  Hellion  
  60  7:58  Marine  
  60  7:59  Marine  
  60  8:00  Siege Tank x2  
  68  8:09  Command Center  
  68  8:10  SCV  
  50  8:33  Hellion x2  
  48  8:40  Planetary Fortress  
  45  8:43  Liberator x2  
  45  8:58  SCV  
  52  9:19  SCV x2  
  54  9:36  Missile Turret  
  54  9:39  Cyclone x2  
  62  10:09  Refinery  
  62  10:11  Siege Tank, Cyclone  
  62  10:12  Refinery  
  69  10:19  Planetary Fortress  
  69  10:22  Missile Turret  
  68  10:43  Siege Tank, Cyclone  
  69  10:59  Liberator  
  65  11:15  Cyclone x2  
  76  11:18  SCV  
  76  11:19  SCV  
  78  11:30  SCV  
  79  11:47  SCV x2, Cyclone x2  
  89  11:59  SCV  
  90  12:10  Missile Turret  
  90  12:12  Missile Turret  
  90  12:19  Siege Tank x2  
  90  12:22  Supply Depot  
  96  12:24  Missile Turret  
  96  12:31  SCV x2  
  98  12:43  SCV  
  103  12:44  Missile Turret, Supply Depot  
  103  12:45  Missile Turret  
  103  12:46  Supply Depot  
  103  12:49  Widow Mine  
  103  12:51  Widow Mine, Cyclone  
Tags
 
Composition
Mech
Matchup
TvZ
Spawn Locations
Cross Positions
Add a new tag
Caveats
  • Supply blocks, unpowered buildings, or Contaminate may cause inaccurate times.
  • Supply counts are checked every 10 seconds.